Construct Section Command Post
Selects Indian Artillery Battlegroup
Selects Artillery Saturation
Construct Platoon Command Post
Unlock Bishop Self-propelled Artillery
Construct Field Infirmary
Bishop Self-propelled Artillery
Bishop Self-propelled Artillery
Selects Gurkha Rifles Section
Selects Volunteer Infantry
Selects Off-map Airburst Barrage
6-pounder Anti-tank Gun Team
Selects BL5.5 Artillery Emplacement
Bishop Self-propelled Artillery
Bishop Self-propelled Artillery
Bishop Self-propelled Artillery
6-pounder Anti-tank Gun Team
6-pounder Anti-tank Gun Team
6-pounder Anti-tank Gun Team